Map: New Repugnancy LE

Players

Dutchy

  • Race: Protoss Protoss
  • League: Master
  • Spawn Location: 1:00

llIllllIllll - Winner!

  • Race: Protoss Protoss
  • League: Master
  • Spawn Location: 7:00

VOD

Have the link to the VOD?

Description

Time

  • Played on: Feb. 4, 2019, 9:38 p.m.
  • Length: 4:24
Show
View Real Time Build Order
Export as new Build Order

Dutchy Protoss 

Build Orders:  

Get SALT Encoding   

  12  0:00  Probe  
  13  0:13  Probe  
  14  0:22  Pylon  
  14  0:25  Probe  
  15  0:39  Probe  
  15  0:41  Gateway  
  16  0:47  Probe  
  16  0:50  Assimilator  
  16  0:55  Probe  
  18  1:27  Zealot  
  18  1:37  Gateway  
  20  1:40  Cybernetics Core  
  20  1:46  Probe  
  21  1:47  Assimilator  
  21  1:50  Pylon  
  21  1:57  Assimilator  
  20  2:25  Stalker  
Show
View Real Time Build Order
Export as new Build Order

llIllllIllll Protoss - Winner!

Build Orders:  

Get SALT Encoding   

  12  0:02  Probe  
  13  0:14  Probe  
  14  0:23  Probe  
  14  0:26  Pylon  
  15  0:41  Probe  
  15  0:44  Forge  
  16  0:50  Assimilator  
  16  0:53  Probe  
  17  1:05  Probe  
  17  1:09  Assimilator  
  18  1:17  Probe  
  19  1:29  Probe  
  20  1:41  Probe  
  21  1:59  Pylon  
  21  2:08  Pylon x2  
  21  2:11  Pylon  
  15  2:26  Photon Cannon  
  14  2:45  Pylon  
  14  2:48  Photon Cannon  
  14  2:50  Photon Cannon  
  14  3:01  Photon Cannon  
  14  3:03  Photon Cannon  
  14  3:08  Photon Cannon  
Tags
 
Add a new tag
Caveats
  • Supply blocks, unpowered buildings, or Contaminate may cause inaccurate times.
  • Supply counts are checked every 10 seconds.